Cogmind - Beta 17 @@@ ROGUE MODE // 2026.08.03 @ 23:39:06 Player: ApelsinkaYo Result: Destroyed by Y-45 Defender with Beam Rifle Performance ------------- Evolutions (1) 500 Regions Visited (2) 400 Robots Destroyed (12) 60 Value Destroyed (211) 211 Prototype IDs (0) 0 Alien Tech Used (0) 0 Bonus (0) 0 TOTAL SCORE: 1171 Bonus ------- None Cogmind --------- Core Integrity 0/400 Matter 276/300 Energy 97/100 System Corruption 0% Temperature Cool (9) Movement Core (50) Location -9/Materials Parts ------- > --- POWER (1) -------- (None) > --- PROPULSION (3) --- (None) > --- UTILITY (3) ------ Structural Scanner Utility Shielding > --- WEAPON (2) ------- Light Assault Rifle > --- INVENTORY (5) ---- Ion Engine Aluminum Leg Aluminum Leg Peak State ------------ > --- POWER ------------ Ion Engine > --- PROPULSION ------- Wheel Compact Wheel Compact Wheel > --- UTILITY ---------- Structural Scanner Utility Shielding > --- WEAPON ----------- EM Pulse Gun Small Laser > --- INVENTORY -------- Ion Engine Aluminum Leg Aluminum Leg Light Assault Rifle Grenade Launcher [Rating: 8] Favorites ----------- Power Ion Engine Engine Ion Engine Propulsion Compact Wheel Wheel Compact Wheel Utility Utility Shielding Device Structural Scanner Protection Utility Shielding Weapon EM Pulse Gun Energy Gun EM Pulse Gun Ballistic Gun Light Assault Rifle Launcher Grenade Launcher Build | -11 -10 -9 ------- Run | Yrd Mat Mat Slots Evolved 2 | . . 2 Power . | . . . Propulsion 1 | . . 1 Utility 1 | . . 1 Weapon . | . . . Parts Attached 14 | 5 4 5 Power 2 | 1 . 1 Engine 2 | 1 . 1 Core . | . . . Reactor . | . . . Propulsion 4 | 2 1 1 Treads . | . . . Leg . | . . . Wheel 4 | 2 1 1 Hover . | . . . Flight . | . . . Utility 3 | . 3 . Device 1 | . 1 . Storage . | . . . Processor . | . . . Hackware . | . . . Protection 2 | . 2 . Artifact . | . . . Weapon 5 | 2 . 3 Energy Gun 2 | 2 . . Energy Cannon . | . . . Ballistic Gun 2 | . . 2 Ballistic Cannon . | . . . Launcher 1 | . . 1 Special Weapon . | . . . Impact Weapon . | . . . Slashing Weapon . | . . . Piercing Weapon . | . . . Special Melee Weapon . | . . . Unidentified Prototypes . | . . . Parts Lost 9 | . . 9 Power 2 | . . 2 Propulsion 3 | . . 3 Utility . | . . . Weapon 4 | . . 4 Highest Loss Streak 9 | . . 9 To Critical Strikes . | . . . Average Backups 4 | 1 4 4 Power . | . 1 1 Propulsion 1 | . 2 2 Utility . | . . . Weapon 1 | . 1 1 Tool/Special . | . . . Unused Backups 3 | . . 3 Power 1 | . . 1 Propulsion 2 | . . 2 Utility . | . . . Weapon . | . . . Tool/Special . | . . . Average Slot Usage (%) 90 | . 97 72 Engine 12 | . 14 8 Wheel 26 | . 28 23 Device 5 | . 3 11 Protection 19 | . 22 11 Energy Gun 24 | . 28 14 Peak Build Rating 8 | 5 7 8 Average Rating 6 | 3 6 6 On Entrance 4 | . 5 7 Avg Prop Armor Cover (%) . | . . . Naked Turns . | . . . Heaviest Build 12 | 8 12 10 Greatest Support 42 | 26 32 42 Greatest Overweight (x) 1 | . . 1 Average Overweight (x) . | . . . Largest Inventory Capacity 5 | 5 5 5 Average Capacity 5 | 5 5 5 Most Carried 5 | 4 5 5 Average Carried 4 | 1 4 4 Final Capacity 5 | 5 5 5 Final Carried 5 | 4 5 3 Class Distribution -------------------- 100% | Mutant Dominant Class ---------------- Mutant | -10/Materials Mutant | -9/Materials Resources | -11 -10 -9 ----------- Run | Yrd Mat Mat Matter Collected 308 | 234 36 38 Remotely . | . . . Salvage Created 294 | . 130 164 Parts 27 | . 7 20 Haulers Intercepted . | . . . Recyclers Shooed 1 | . 1 . Parts Field Recycled . | . . . Retrieved Matter . | . . . Parts Self-Destructed . | . . . Prevented . | . . . Parts Restored . | . . . Kills | -11 -10 -9 ------- Run | Yrd Mat Mat Combat Hostiles Destroyed 11 | . 4 7 Guns 10 | . 4 6 AOE 1 | . . 1 Classes Destroyed 4 | . 2 2 Builder 1 | . . 1 Swarmer 8 | . 2 6 Grunt 2 | . 2 . Sentry 1 | . . 1 Best Kill Streak 4 | . 2 4 Combat Bots Only 4 | . 2 4 Max Kills in Single Turn 2 | . 1 2 Gunslinging . | . . . Exploded 1 | . . 1 Melee . | . . . Uniques/NPCs Destroyed . | . . . Combat | -11 -10 -9 -------- Run | Yrd Mat Mat Hostile Shots Fired 115 | . 14 101 Missed 36 | . 3 33 Hits 79 | . 11 68 Projectile 79 | . 11 68 Critical Strikes 3 | . 1 2 Damage Taken 1009 | . 175 834 Core 411 | . . 411 Absorbed by Shields . | . . . Core Remaining (%) 100 | 100 100 . Volleys Fired 40 | . 14 26 Largest 2 | . 2 2 Hottest 80 | . 80 80 Shots Fired 63 | . 27 36 Gun 62 | . 27 35 Cannon . | . . . Launcher 1 | . . 1 Special . | . . . Kinetic 22 | . . 22 Thermal 17 | . 13 4 Explosive 1 | . . 1 Electromagnetic 23 | . 14 9 Robot Hit Streak 5 | . 4 5 Robot Miss Streak 4 | . 4 4 Penetration Max . | . . . Secondary Targets 1 | . . 1 Max Gunslinging Chain 1 | . . 1 Shots Hit Robots 33 | . 16 17 Core Hits 21 | . 7 14 Critical Kills . | . . . Critical Parts Destroyed . | . . . Critical Strikes 1 | . . 1 Corrupt 1 | . . 1 Melee Attacks . | . . . Impact . | . . . Slashing . | . . . Piercing . | . . . Sneak Attacks . | . . . Combat Hostiles . | . . . Follow-up Attacks . | . . . Damage Inflicted 491 | . 227 264 Guns 400 | . 227 173 Cannons . | . . . Explosions 91 | . . 91 Melee . | . . . Ramming . | . . . Kinetic 71 | . . 71 Thermal 131 | . 99 32 Explosive 91 | . . 91 Electromagnetic 198 | . 128 70 Impact . | . . . Slashing . | . . . Piercing . | . . . Highest Corruption . | . . . Average Corruption . | . . . Corruption Purged . | . . . Corruption Blocked . | . . . Overload Shots . | . . . Overflow Damage . | . . . Projectiles . | . . . Explosions . | . . . Melee . | . . . Knockbacks . | . . . Impact . | . . . Kinetic . | . . . Secondary . | . . . Self-Inflicted Damage . | . . . Shots . | . . . Rammed . | . . . Targets Rammed . | . . . Kicked . | . . . Crushed . | . . . Highest Temperature 285 | . 285 27 Average Temperature 100 | . 141 10 Received Heat Transfer 285 | . 87 198 Siege Activations . | . . . Martial Activations . | . . . Shielding Activations . | . . . Robots Disrupted . | . . . Combat Hostiles . | . . . Robots Corrupted . | . . . Combat Hostiles . | . . . Parts Fried . | . . . Impact Corruptions . | . . . Robots Melted . | . . . Combat Hostiles . | . . . Parts Melted . | . . . Heat Transferred 300 | . 225 75 Parts Sabotaged . | . . . Parts Stolen . | . . . Parts Stripped . | . . . Power Chain Reactions . | . . . Alert | -11 -10 -9 ------- Run | Yrd Mat Mat Maximum Alert Level . | . . . Low Security (%) 100 | 100 100 100 Level 1 . | . . . Level 2 . | . . . Level 3 . | . . . Level 4 . | . . . Level 5 . | . . . High Security . | . . . Max Security . | . . . Peak Influence 130 | . 130 79 Initial 29 | . . 29 Average 44 | . 49 47 Influence Increases 389 | . 209 180 Destroy 0b10 Robot/C 220 | . 80 140 Destroy 0b10 Robot/NC 5 | . . 5 Destroy Leader 60 | . 30 30 Successful Hack 9 | . 9 . Destroy Structure 5 | . . 5 Partial Spotted 15 | . 15 . Lose Combat Pursuer 75 | . 75 . Influence Decreases 360 | . 137 223 Entered New Map 43 | . . 43 Time Decay 227 | . 137 90 Lost Part 90 | . . 90 Squads Dispatched 1 | . 1 . Investigation 1 | . 1 . Extermination . | . . . Reinforcement . | . . . Assault . | . . . Garrison . | . . . Intercept . | . . . Searches Triggered . | . . . Construction Impeded . | . . . Haulers Reinforced . | . . . Active Scanning Responses . | . . . Cargo Convoy Interrupts . | . . . Stealth | -11 -10 -9 --------- Run | Yrd Mat Mat Distress Signals 2 | . 1 1 Communications Jammed . | . . . Distress Signals . | . . . Times Spotted 19 | . 9 10 Peak Tracking Total 6 | . 5 6 Tactical Retreats 4 | . 4 . Traps | -11 -10 -9 ------- Run | Yrd Mat Mat Traps Triggered 3 | . 3 . Indirectly . | . . . Trap Hack Attempts . | . . . Triggered . | . . . Disarmed . | . . . Reprogrammed . | . . . Reused . | . . . Traps Extracted . | . . . Installed . | . . . Triggered . | . . . Machines | -11 -10 -9 ---------- Run | Yrd Mat Mat Machines Disabled . | . . . Max in Single Turn . | . . . Machines Repaired . | . . . Machines Dismantled . | . . . Machines Sabotaged . | . . . Overloaded Fab Kills . | . . . Hacking | -11 -10 -9 --------- Run | Yrd Mat Mat Machines Accessed 4 | . 4 . Terminals 4 | . 4 . Fabricators . | . . . Repair Stations . | . . . Recycling Units . | . . . Scanalyzers . | . . . Garrison Access . | . . . Total Hacks 8 | . 8 . Successful 6 | . 6 . Failed 2 | . 2 . Catastrophic . | . . . Database Lockouts . | . . . Manual 12 | . 12 . Terminals 8 | . 8 . Fabricators . | . . . Repair Stations . | . . . Recycling Units . | . . . Scanalyzers . | . . . Garrison Access . | . . . Terminal Hacks 2 | . 2 . Scanalyzer Index 1 | . 1 . Zone Layout 1 | . 1 . Fabricator Hacks . | . . . Repair Station Hacks . | . . . Recycling Unit Hacks . | . . . Scanalyzer . | . . . Garrison Access Hacks . | . . . Unauthorized Hacks 4 | . 4 . Terminals 4 | . 4 . Botnet 4 | . 4 . Fabricators . | . . . Repair Stations . | . . . Recycling Units . | . . . Scanalyzers . | . . . Garrison Access . | . . . Data Cores Recovered . | . . . Used . | . . . Hacking Detections 3 | . 3 . Full Trace Events . | . . . Feedback Events . | . . . Feedback Blocked . | . . . Robot Schematics Acquired . | . . . Robots Built . | . . . Authchips . | . . . Time . | . . . Total Robot Build Rating . | . . . Part Schematics Acquired . | . . . Parts Built . | . . . Authchips . | . . . Time . | . . . Total Part Build Rating . | . . . Part Studies Acquired . | . . . Parts Repaired . | . . . Time . | . . . Parts Recycled . | . . . Recycled Matter . | . . . Retrieved Matter . | . . . Retrieved Components . | . . . Parts Scanalyzed . | . . . Part Schematics Acquired . | . . . Parts Damaged . | . . . Bothacking | -11 -10 -9 ------------ Run | Yrd Mat Mat Used RIF Installer . | . . . Robots Hacked . | . . . Non-combat . | . . . Combat . | . . . Robot Hacks Applied . | . . . Relay Couplers Released . | . . . Fabnet Peak Effective % . | . . . Robots Rewired . | . . . Allies Hacked . | . . . Hacks Repelled . | . . . Allies | -11 -10 -9 -------- Run | Yrd Mat Mat Total Allies . | . . . Largest Group . | . . . Highest-Rated Group . | . . . Highest-Rated Ally . | . . . Total Orders . | . . . Ally Attacks . | . . . Total Damage . | . . . Kills . | . . . Allies Corrupted . | . . . Allies Melted . | . . . Intel | -11 -10 -9 ------- Run | Yrd Mat Mat Active Infowar (turns) 303 | . 111 192 Structural 303 | . 111 192 Robot Analysis Total . | . . . Derelict Logs Recovered . | . . . Drone Launches . | . . . Drone Recoveries . | . . . Exploration | -11 -10 -9 ------------- Run | Yrd Mat Mat Turns Passed 717 | 58 467 192 Spaces Moved 625 | 57 432 136 Core 21 | 10 . 11 Treads . | . . . Legs . | . . . Wheels 604 | 47 432 125 Hover . | . . . Flight . | . . . Fastest Speed 50 | 50 90 50 Average Speed 90 | 80 90 94 Slowest Speed 100 | 90 100 100 Overloaded Moves . | . . . Propulsion Burnouts . | . . . Robots Hopped . | . . . Potential Cave-ins . | . . . Cave-ins Triggered . | . . . Exploration Rate (%) 22 | 3 50 13 Regions Visited 2 Branch Regions . Pre-discovered Areas . | . . . Known Exits Taken . | . . . Unknown Exits Taken 2 | 1 1 . Scrap Searched . | . . . Spaces Dug . | . . . Terrain Destroyed 5 | . . 5 Melee . | . . . Projectile . | . . . AOE 5 | . . 5 Terrain Rammed . | . . . Walls Destroyed . | . . . Machines Disabled . | . . . Actions | -11 -10 -9 --------- Run | Yrd Mat Mat Total 713 | 66 479 168 Wait 28 | . 27 1 Move 623 | 56 431 136 Hop . | . . . Pick Up 6 | 5 1 . Fast Attach 11 | 4 4 3 Attach 3 | 1 . 2 Detach . | . . . Swap . | . . . Drop 2 | . 2 . Fire 40 | . 14 26 Melee . | . . . Ram . | . . . Kick . | . . . Crush . | . . . Escape Stasis . | . . . Rewire . | . . . Trap . | . . . Miscellaneous . | . . . Route ------- -11/Scrapyard -10/Materials -9/Materials History --------- Turn | Location | Event 2 | -11/Scrapyard | Met Revision 17 14 | -11/Scrapyard | Discovered new exit (range 16) 59 | -11/Scrapyard | Entered Materials 314 | -10/Materials | Build established: Mutant 395 | -10/Materials | Discovered new exit (range 12) 526 | -10/Materials | Entered another Materials area 526 | -9/Materials | Evolved 2 slots: Propulsion x1, Utility x1 698 | -9/Materials | Core integrity fell below 50% 713 | -9/Materials | Core integrity fell below 20% 718 | -9/Materials | Destroyed by Y-45 Defender with Beam Rifle Last Messages --------------- 00683_ Com. Wheel destroyed. 00689_ S-10 Pest destroyed. 00693_ U-05 Engineer lays Concrete. 00693_ Acquired 8 matter. 00694_ U-05 Engineer lays Concrete. 00703_ Com. Wheel destroyed. 00703_ U-05 Engineer lays Concrete. 00703_ Lgt. Assault Rifle destroyed. 00704_ U-05 Engineer lays Concrete. 00707_ Acquired Lgt. Ion Engine. 00707_ U-05 Engineer lays Concrete. 00708_ K-01 Serf collects debris. 00708_ U-05 Engineer lays Concrete. 00709_ Critical hit (Burn: +37). 00709_ Lgt. Ion Engine destroyed. 00710_ U-05 Engineer lays Concrete. 00712_ Critical hit (Burn: +37). 00713_ Acquired Lgt. Assault Rifle. 00713_ K-01 Serf collects debris. 00718_ U-05 Engineer builds a Door. Map ----- +----------------------------------------------------+ | ????????????????????????????????????????? | | ????????????????????????????????????????? | | ????????????????????????????????????????? | | ????????????????????????????????????????? | | ????????????????????????????????????????? | | ????????????????????????????????????????? | | ????????????????????????????????????????? | | ????????????????????????????????????????? | | ????????????????????????????????????????? | | ????????????????????????????????????????? | | ???????????????? ?????????????????????? | | ???????????????? +???????????????????? | | ???????????????? k##???????????????????? | | ???????????????? ##???????????????????? | | ???????????????? ##???????????????????? | | ##?????######### ##???????????????????? | | ################ ##???????????????????? | | # ####### # ???????????????????? | | # # # u##???????????????????? | | # # # ##???????????????????? | | # """ # + # ???????????????????? | | # """ # # # ???????????????????? | | # """ #= # # ???????????????????? | | # #+###### # ???????????????????? | | # # % Y = # ?????????????????? | | # "" +uu *%@ # ##?????????????????? | | # Y" # !!! ####?????????????????? | | # "" ### Y!! # ??? ##??????????? | | # ### !! # """ ##??????????? | | ########### # """ + ??????????? | | ####### !!# """ ##??????????? | | ?????## k![%# ##??????????? | | ?????## !=[+ ##??????????? | | ?????## %[[# !! ##??????????? | | ?????## |[=## !! ##??????????? | | ?????## ######%## !! ##??????????? | | ?????## ######*######## ###??????????? | | ?????## ##??##=############??????????? | | ?????## ##??## ##????????????????????? | | ?????## ##??## ##????????????????????? | | ?????## ###### ##????????????????????? | | ?????## ######+##????????????????????? | | ?????## # ##????????????????????? | | ?????## # ##????????????????????? | | ?????## # ##????????????????????? | | ?????## + ##????????????????????? | | ?????## # ##????????????????????? | | ?????## # ##????????????????????? | | ?????## ##+######????????????????????? | | ?????## # ##????????????????????? | +----------------------------------------------------+ Best States ------------- Heat Dissipation 28 Energy Generation 10 Energy Capacity 250 Matter Stores 300 Matter Capacity 300 Sight Range 16 Terrain Scan Density 10 Armor Coverage 150 Utility Shielding 33 Evasion (%) 50 Item Schematics ----------------- None Robot Schematics ------------------ None Fabricated ------------ Nothing Repaired ---------- Nothing Studied --------- None Alien Tech Used ----------------- None Achievements -------------- None Challenges ------------ None Game ------ Seed MetafiberModifiedPit Manual? 0 Play Time 00:22:36 Cumulative 9.3 hours Start 2026.08.03 @ 23:12:19 End 2026.08.03 @ 23:39:06 Sessions 1 Manual Loads 0 Difficulty Rogue Special Mode None Game No. 3 Rogue 1 Adventurer 2 Explorer 0 Win Type - Total 0 Types 0/0/0/0/0/0/0/0/0/0 Lore% 4 Gallery% 12 Achievement% 13 Wizard Run 0 Options --------- Layout 0 ASCII 0 Keyboard 0 Movement Arrows Keybinds 0 Fullscreen 2 Font 18/SmallcapsGlow Map View 76x50 Zoom Use 0% Tactical HUD 1 Map Filters NONE Filters NONE Steam 1 RUN: 3bb78f50-3ae9-4086-b78b-998c60339d11